 Dungeon Crawl Stone Soup version 0.29.1-15-g9cfb28693d (webtiles) character file.

Game seed: 15438208180064061785

80 javelincjr the Magician (level 4, 0/31 HPs)
             Began as a Djinni Conjurer on Feb 25, 2023.
             Slain by Sigmund
             ... wielding a +0 scythe
              (9 damage)
             ... on level 2 of the Dungeon.
             The game lasted 00:03:30 (1126 turns).

javelincjr the Magician (Djinni Conjurer)           Turns: 1126, Time: 00:03:31

Health: 0/31       AC:  3    Str:  8    XL:     4   Next: 65%
Gold:   73         EV: 12    Int: 19    God:
                   SH:  0    Dex: 12

rFire   + + .      SeeInvis .   (no weapon)
rCold   x . .      Faith    .   (no shield)
rNeg    + . .      Spirit   .   e - +1 robe {rN+}
rPois   ∞          Reflect  .   (no helmet)
rElec   .          Harm     .   (no cloak)
rCorr   .          Rampage  .   (no gloves)
Will    .....                   (boots unavailable)
Stlth   ++........              (no amulet)
HPRegen 0.10/turn               (no ring)
MPRegen 0.00/turn               (no ring)

@: flying
A: sickness immunity, fire resistance 2, cold vulnerability 1, float, innate
caster, HP casting, extra vitality 1
a: no special abilities


You were on level 2 of the Dungeon.
You visited 1 branch of the dungeon, and saw 2 of its levels.

You collected 73 gold pieces.

Inventory:

Armour
 a - a +0 robe
 e - a +1 robe of positive energy (worn)
Scrolls
 d - a scroll of vulnerability {unknown}
 g - 3 scrolls of blinking {unknown}
 h - a scroll of identify {unknown}
 i - a scroll of teleportation {unknown}
 k - a scroll of torment {unknown}
Potions
 b - 2 potions of resistance {unknown}
 c - a potion of heal wounds {unknown}
 f - a potion of ambrosia {unknown}
 j - a potion of mutation {unknown}


   Skills:
 + Level 3.3 Dodging
 + Level 2.6 Stealth
 + Level 3.7 Spellcasting


You couldn't memorise any spells.
You knew the following spells:

 Your Spells              Type           Power      Damage    Failure   Level
a - Magic Dart            Conj           68%        1d6       3%          1
b - Searing Ray           Conj           34%        2d5       4%          2
c - Dazzling Flash        Conj/Hex       34%        N/A       10%         3
d - Fulminant Prism       Conj/Hex       8%         3d7       30%         4
e - Iskenderun's Mystic   Conj/Tloc      17%        2d5       30%         4
f - Shock                 Conj/Air       68%        1d7       3%          1
Your spell library was empty.

Dungeon Overview and Level Annotations

Branches:
Dungeon (2/15)

Altars:
The Shining One

Shops:
D:1 ([(

Annotations:
D:2 Sigmund


Innate Abilities, Weirdness & Mutations

You are immune to sickness and miasma.
You are immune to poison.
Your flesh is very heat resistant. (rF++)
You are vulnerable to cold. (rC-)
You float through the air rather than walking.
You learn spells naturally, not from books.
Your magical power is your life essence.
You have superior vitality. (+4 MHP)


Message History

A ball python comes into view.
The magic dart hits the ball python.
The ball python is moderately wounded.
The ball python hisses angrily.
Sigmund the Dreaded comes into view.
He is wielding a +0 scythe.
Casting: Magic Dart (safe; 3% risk of failure)
Confirm with . or Enter, or press ? or * to list all spells.
Aiming: Magic Dart (safe; 3% risk of failure)
Press: ? - help, Shift-Dir - straight line, f/p - ball python
Aim: a ball python (moderately wounded, 100% to hit)
The magic dart hits the ball python.
You kill the ball python!
Sigmund shouts!
A gnoll comes into view. It is wielding a +0 flail.
Sigmund mumbles some strange words.
Sigmund flickers and vanishes!
Deactivating autopickup; reactivate with Ctrl-A.
A gnoll comes into view. It is wielding a +0 club.
Found a ring mail and a scroll labelled MUBAOM TA VUTUM.
You are confused.
Found an embroidered robe.
Found a dagger.
A magic dart appears from out of thin air!
The magic dart hits you!
You feel less confused.
Casting: Magic Dart (safe; 3% risk of failure)
Confirm with . or Enter, or press ? or * to list all spells.
You can't see any susceptible monsters within range! (Use Z to cast anyway.)
Casting: Magic Dart (safe; 3% risk of failure)
Confirm with . or Enter, or press ? or * to list all spells.
Aiming: Searing Ray (safe; 4% risk of failure)
Press: ? - help, Shift-Dir - straight line (Press . to maintain the ray.)
The searing ray hits something.
Something hits you!
The searing ray hits something.
The searing ray hits something.
* * * LOW HITPOINT WARNING * * *
You finish channelling your searing ray.
Something hits you!
You die...

..#### .....# ####
.....# #..### .._..###
#....## .......#
#.##..#####.[.
.....#.###.###.........
....##..#.......######
#######....##.#....# #
#...#.##.##@..# #
#.........?#....#
...........###.....#
.......######..#...#
....... #.##....
g...... ... ##..[.
...... .## .)#...
.##....


There were no monsters in sight!

Vanquished Creatures
  Jessica (D:2)
  2 gnolls (D:2)
  An adder (D:2)
  3 ball pythons
  An endoplasm (D:1)
  3 giant cockroaches
  2 goblins (D:1)
  4 hobgoblins (D:1)
  2 quokkas
  A bat (D:1)
  A frilled lizard (D:1)
  2 kobolds
  A rat (D:1)
24 creatures vanquished.

Notes
Turn   | Place    | Note
-------+----------+-------------------------------------------
     0 | D:1      | javelincjr the Djinni Conjurer began the quest for the Orb.
     0 | D:1      | javelincjr set off with the following spells memorised:
                  | Magic Dart, Searing Ray, Dazzling Flash, Fulminant Prism,
                  | Iskenderun's Mystic Blast.
     0 | D:1      | Reached XP level 1. HP: 15/15 MP: 0/0
     9 | D:1      | Noticed a great orb of eyes
    20 | D:1      | Found a faded altar of an unknown god.
    23 | D:1      | Noticed a great orb of eyes
    23 | D:1      | Noticed a shining eye
    23 | D:1      | Noticed a shining eye
   143 | D:1      | Reached XP level 2. HP: 17/21 MP: 0/0
   230 | D:1      | Found Fofommejy's Antique Weapon Shoppe.
   273 | D:1      | Found Asuasiot's Antique Armour Boutique.
   449 | D:1      | Found Giga's Weapon Shop.
   794 | D:2      | Noticed Jessica
   797 | D:2      | Killed Jessica
   798 | D:2      | Reached XP level 3. HP: 22/25 MP: 0/0
   798 | D:2      | Learned a level 1 spell: Shock
   801 | D:2      | Reached XP level 4. HP: 23/31 MP: 0/0
  1090 | D:2      | Found a glowing golden altar of the Shining One.
  1099 | D:2      | Noticed Sigmund
  1126 | D:2      | Slain by Sigmund

Illustrated notes

Levels and vault maps discovered:
D:1:      tarquinn_simple_flora_water_e, layout_rooms,
          hellmonk_ecumenical_altar_watching_god, serial_shops,
          nicolae_square_shop, shop, shop
D:2:      layout_rooms, basic_altar, uniq_sigmund, uniq_jessica

Skill      XL: |  1  2 |
---------------+-------+-----
Stealth        | 2 |  2.6
Dodging        | 3 |  3.3
Spellcasting   | |  3.7

Action                   |  1- 3 |  4- 6 || total
-------------------------+-------+-------++-------
 Cast: Magic Dart        |    30 |    14 ||    44
       Searing Ray       |     1 |     2 ||     3
Dodge: Dodged            |     1 |       ||     1
